 Dungeon Crawl Stone Soup version 0.19-a0-1704-gbd66c22 (webtiles) character file.

340421 Zwobot the Warrior (level 21, 171/171 HPs)
             Began as a Demonspawn Abyssal Knight on Sept 27, 2016.
             Was a High Priest of Lugonu.
             Quit the game on level 1 of the Lair of Beasts.
             The game lasted 04:09:55 (62289 turns).

Zwobot the Warrior (Demonspawn Abyssal Knight)     Turns: 62289, Time: 04:09:56

Health: 171/171    AC: 29    Str: 23      XL:     21   Next: 7%
Magic:  34/34      EV: 26    Int: 20      God:    Lugonu [*****.]
Gold:   1516       SH:  0    Dex: 17 (18) Spells: 5 memorised, 18 levels left

rFire  + + .     SeeInvis .     b - +4 quick blade (distort)
rCold  + . .     Gourm    .     f - +6 mottled dragon armour
rNeg   + . .     Faith    .     (no shield)
rPois  +         Spirit   .     m - +2 helmet {Int+3}
rElec  +         Dismiss  .     H - +2 cloak {rPois}
rCorr  +         Reflect  .     v - +1 pair of gloves of Mental Paralysis {rElec rF+ Str+5}
MR     +....     Harm     .     (boots unavailable)
Stlth  ++++......               J - amulet "Byngooja" {*Contam rC+ Regen+ Str+4}
                                T - +5 ring of evasion
                                (no ring)

@: no status effects
A: hooves 3, yellow scales 3, deterioration 1, fire resistance 1, foul stench 1,
negative energy resistance 1, nightstalker 2, 50% torment resistance, rot
immunity, MP-powered wands
a: Depart the Abyss, Bend Space, Banish, Corrupt, Enter the Abyss, Renounce
Religion
}: 2/15 runes: barnacled, gossamer


You were on level 1 of the Lair of Beasts.
You worshipped Lugonu.
Lugonu was extremely pleased with you.
You were not hungry.

You visited 8 branches of the dungeon, and saw 41 of its levels.
You visited the Abyss 2 times.
You visited 1 bazaar.
You also visited: Ice Cave.

You collected 5348 gold pieces.
You spent 3832 gold pieces at shops.

Inventory:

Hand Weapons
 a - a +9 dire flail of distortion
 b - a +4 quick blade of distortion (weapon)
 k - a +1 blowgun
Missiles
 j - a throwing net (quivered)
 Y - 15 curare-tipped needles
Armour
 f - a +6 mottled dragon armour (worn)
 m - a +2 helmet of intelligence (worn)
 s - the +0 pair of fencer's gloves {+Riposte Dex+6}
   (You bought it in a shop on level 2 of the Orcish Mines)

   It affects your dexterity (+6).
 v - the +1 pair of gloves of Mental Paralysis (worn) {rElec rF+ Str+5}
   (You bought it in a shop on level 2 of the Orcish Mines)

   It affects your strength (+5).
   It protects you from fire.
   It insulates you from electricity.
 H - a +2 cloak of poison resistance (worn)
Rods
 S - a +5 rod of inaccuracy (9/9)
   (You found it on level 3 of the Crypt)
Jewellery
 B - an uncursed ring of protection from fire
 I - a +4 ring of evasion
 J - the amulet "Byngooja" (around neck) {*Contam rC+ Regen+ Str+4}
   (You bought it in a shop on level 4 of the Shoals)

   [amulet of regeneration]

   It affects your strength (+4).
   It protects you from cold.
   It causes magical contamination when unequipped.
   It increases your rate of regeneration.
 K - an uncursed ring of protection from magic
 T - a +5 ring of evasion (right hand)
Wands
 e - a wand of heal wounds (7/9)
 o - a wand of acid (3/15)
 p - a wand of teleportation (5/9)
 r - a wand of confusion (18/48)
 t - a wand of digging (20/24)
 x - a wand of paralysis (11/24)
 y - a wand of iceblast (5/15)
 M - a wand of acid (3/15)
Scrolls
 d - 10 scrolls of identify
 h - 6 scrolls of blinking
 l - 2 scrolls of fog
 n - 4 scrolls of teleportation
 u - 12 scrolls of remove curse
 A - 2 scrolls of recharging
 D - 4 scrolls of magic mapping
 E - a scroll of summoning
 F - a scroll of brand weapon
 P - 3 scrolls of fear
 X - 5 scrolls of enchant armour
Potions
 i - 8 potions of curing
 w - a potion of magic
 z - 2 potions of cure mutation
 C - 5 potions of might
 L - a potion of cancellation
 N - 2 potions of resistance
 O - 3 potions of heal wounds
 U - 3 potions of agility
 V - a potion of invisibility
 W - 2 potions of brilliance
 Z - 5 potions of haste
Miscellaneous
 g - a phial of floods
 q - 3 boxes of beasts
 G - a sack of spiders
 Q - a lamp of fire
Comestibles
 c - 15 bread rations
 R - 9 meat rations


   Skills:
 - Level 16.2 Fighting
 - Level 8.4 Short Blades
 - Level 14.0 Maces & Flails
 - Level 5.0 Throwing
 - Level 10.2 Armour
 - Level 12.8 Dodging
 - Level 5.5 Stealth
 - Level 9.0 Spellcasting
 - Level 12.3 Conjurations
 - Level 6.0 Charms
 - Level 11.9 Air Magic
 + Level 16.1 Invocations
 - Level 5.0 Evocations


You had 18 spell levels left.
You knew the following spells:

 Your Spells              Type           Power        Failure   Level  Hunger
a - Lightning Bolt        Conj/Air       ######....   1%          5    #####..
b - Swiftness             Chrm/Air       #####...     1%          2    None
c - Repel Missiles        Chrm/Air       #####.       1%          2    None
d - Chain Lightning       Conj/Air       ######....   100%        8    #######
e - Regeneration          Chrm/Necr      ###.......   10%         3    None


Dungeon Overview and Level Annotations

Branches:
Dungeon (15/15)            Temple (0/1) D:6            Lair (6/6) D:11
 Shoals (4/4) Lair:3       Spider (4/4) Lair:4        Slime (0/5) Lair:6
    Orc (2/2) D:9             Elf (3/3) Orc:2        Vaults (4/5) D:13
  Crypt (3/3) Vaults:2       Tomb (0/3) Crypt:3      Depths (0/5) D:15

Altars:
Cheibriados
Fedhas
Kikubaaqudgha
Makhleb
Nemelex Xobeh
Okawaru
Ru
Sif Muna
Uskayaw
Vehumet
Xom
Yredelemnul
Zin
The Shining One
Beogh
Jiyva

Shops:
D:11 :   D:12 ?   Orc:1 (   Orc:2 [}?*   Elf:2 =}=   Shoals:3 ?(   Shoals:4 =

Portals:
Pandemonium: Orc:2
Trove: Vaults:4 (give +4 fire dragon armour)

Annotations:
Shoals:4 corrupted, Ilsuiw
Spider:4 corrupted
Orc:2 2 exclusions
Elf:3 corrupted
Vaults:2 corrupted
Crypt:1 corrupted
Crypt:3 corrupted
Abyss:1 Arachne, Asterion


Innate Abilities, Weirdness & Mutations

You have hooves in place of feet.
You are completely covered in yellow scales. (AC +4, rCorr)
You may emit foul miasma when damaged in melee.
You resist negative energy. (rN+)
You are significantly more attuned to the shadows.
You are somewhat able to resist unholy torments (1 in 2 success).
You are immune to rotting.
Your body sometimes deteriorates upon taking damage.
Your flesh is heat resistant. (rF+)
You expend magic power (3 MP) to strengthen your wands.


Message History

You see here an enchanted long sword.
There is a stone staircase leading up here.
You climb upwards.
There is a stone staircase leading down here.
There is a stone staircase leading up here.
You climb upwards.
There is a stone staircase leading down here.
There is an open door here.
There is an open door here.
Things that are here:
a leather armour; a club
Items here: )) [[ a leather armour; a dagger; a plate armour; a hand axe
There is a staircase to the Lair here.
You climb downwards.
Welcome to the Lair of Beasts!
There is a staircase back to the Dungeon here.
Items here: ) : == a book of Debilitation; an uncursed ring of wizardry an uncursed ring of poison resistance; a morningstar of holy wrath Are you sure you want to abandon this character and quit the game? (Confirm with "yes".)

.P...#######....##.##.#.##.....#
.....#.......#..##......#......#
.#...........#..##.............#
#..............≈........P#.....##
##...#........≈≈≈≈≈≈≈...P#.....##
...#.#......≈≈≈≈≈≈≈≈.............
#...##.....≈≈≈≈≈≈≈≈≈≈.#.##.....P#
#...##......≈≈≈≈.≈≈≈≈.P.##.....##
.#...##.###≈≈≈≈.@.≈≈≈..........##
.#..........≈≈≈≈.≈≈≈≈............
.#..........≈≈≈≈≈≈≈≈≈≈...........
.#..........≈≈≈≈≈≈≈≈≈............
#..#..........≈≈≈≈≈..............
..##............≈.≈..............
#.#.######.#.#..................#
....#...........P#.P+.#+###.....#
#...#........#..##.#....###......


There were no monsters in sight!

Vanquished Creatures
  2 sphinxes
  3 frost giants
  2 fire giants (Vaults:4)
  2 deep elf sorcerers (Elf:3)
  A ghost moth (Spider:3)
  6 vault wardens
  A curse skull (Crypt:2)
  5 stone giants
  8 ironheart preservers
  4 very ugly things
  A juggernaut skeleton (Crypt:3)
  2 vampire knights (Crypt:1)
  An entropy weaver (Spider:2)
  Azrael (D:13)
  2 deep elf demonologists
  A deep elf annihilator (Elf:3)
  2 merfolk javelineers (Shoals:3)
  An eidolon (Crypt:2)
  2 deep elf death magi
  A crystal guardian (Vaults:4)
  3 fire dragons
  2 great orbs of eyes
  3 yaktaur captains
  2 jiangshi
  7 ice dragons
  Erolcha (D:13)
  13 ogre magi
  4 vault guards
  4 rakshasas
  Fannar (D:11)
  3 hydras
  5 centaur warriors
  3 death knights
  32 dancing weapons
  11 death yaks
  2 tengu warriors
  7 orc high priests
  A deep troll shaman (Vaults:3)
  23 deep elf knights
  3 vampire magi
  A hellephant zombie (Crypt:1)
  Sonja (D:15)
  28 skeletal warriors
  A soul eater (Crypt:3)
  3 shadow wraiths
  5 sea snakes
  A sea snake (shapeshifter) (Vaults:4)
  2 glowing orange brains
  A storm dragon skeleton (Crypt:3)
  2 deep trolls
  An unseen horror (shapeshifter) (Vaults:4)
  An unseen horror (Vaults:1)
  A putrid demonspawn (Orc:2)
  5 flayed ghosts
  An anaconda skeleton (Crypt:3)
  A lindwurm (Lair:6)
  4 necromancers
  4 wizards
  A hill giant (D:15)
  A harpy (shapeshifter) (Vaults:3)
  15 deep elf archers
  13 orc knights
  3 phantasmal warriors (Crypt:1)
  A stone giant zombie (Crypt:2)
  23 harpies
  13 ironbrand convokers
  7 orc sorcerers
  4 cyclopes
  62 deep elf magi
  A wolf spider zombie (D:14)
  4 orb spiders
  12 ugly things
  An orb spider (shapeshifter) (Elf:3)
  A faun (Shoals:2)
  31 wolf spiders
  A shadow dragon skeleton (Crypt:2)
  4 manticores
  2 hornets
  7 vault sentinels
  2 ice statues (IceCv)
  12 elephants
  A water nymph (Shoals:4)
  An iron dragon skeleton (Crypt:3)
  6 sirens
  A salamander (shapeshifter) (Vaults:1)
  7 black mambas
  A stone giant skeleton (Crypt:3)
  3 torpor snails
  A white draconian zombie (Crypt:1)
  A gargoyle (D:13)
  A smoke demon (Orc:2)
  A kobold demonologist (D:15)
  8 komodo dragons
  A swamp worm zombie (Crypt:2)
  11 spiny frogs
  An efreet (D:14)
  8 freezing wraiths
  40 yaktaurs
  5 rime drakes
  8 demonic crawlers
  A tengu conjurer (D:15)
  12 trolls
  A meliai (D:15)
  A sea snake skeleton (Crypt:3)
  20 jumping spiders
  A jumping spider (shapeshifter) (Vaults:2)
  A troll (shapeshifter) (Vaults:4)
  2 wind drakes (Shoals:1)
  20 two-headed ogres
  6 merfolk
  A wind drake (shapeshifter) (Vaults:2)
  2 tyrant leeches (Lair:6)
  22 blink frogs
  8 slime creatures
  3 dream sheep (Lair:6)
  3 snapping turtles
  An ice dragon zombie (Crypt:2)
  10 hippogriffs
  3 meliai zombies
  6 air elementals
  2 human simulacra (Vaults:3)
  3 ynoxinuls (Orc:2)
  2 shadows
  Sigmund (D:3)
  An ettin skeleton (Crypt:3)
  54 redbacks
  29 tarantellas
  9 water elementals
  4 wraiths
  2 wyverns
  33 yaks
  A vampire (D:13)
  6 fire elementals
  2 basilisks
  A hog (shapeshifter) (Vaults:1)
  A hungry ghost (D:15)
  A chaos spawn (Orc:2)
  2 steam dragons
  4 vampire mosquitoes (D:14)
  Menkaure (D:4)
  A small abomination (Vaults:1)
  A swamp worm (Lair:6)
  7 wargs
  2 mottled dragons (Vaults:1)
  Duvessa (D:4)
  6 hell hounds (D:13)
  9 water moccasins
  A gelid demonspawn zombie (Crypt:1)
  9 porcupines
  An orb spider zombie (Crypt:3)
  A torturous demonspawn skeleton (Crypt:2)
  2 spiny frog skeletons (Crypt:3)
  45 orc warriors
  4 sky beasts
  A wasp (shapeshifter) (Elf:3)
  An eye of draining (D:14)
  23 ice beasts
  A fire dragon simulacrum (Crypt:2)
  A phantom (D:13)
  2 black bears
  6 boggarts
  A swamp dragon zombie (Crypt:1)
  60 ogres
  6 wolves (Lair:1)
  The ghost of Shenda the Slasher, an amateur DsGl of Qazlal (D:3)
  14 centaurs
  14 crocodiles
  5 big kobolds
  20 bullfrogs
  A salamander zombie (Crypt:2)
  5 earth elementals
  Dowan (D:4)
  A wyvern zombie (D:10)
  A wyvern skeleton (D:15)
  5 scorpions
  13 killer bees
  8 wights
  A snapping turtle simulacrum (Crypt:2)
  A vampire bat (Lair:3)
  4 electric eels
  4 howler monkeys
  2 troll skeletons
  5 crimson imps
  5 bullfrog zombies
  A jelly (D:7)
  3 quasits
  A wasp zombie (Crypt:3)
  5 centaur zombies
  4 centaur skeletons
  6 hounds
  27 orc priests
  A bullfrog skeleton (D:10)
  14 iguanas
  A black bear skeleton (Crypt:3)
  A two-headed ogre skeleton (Crypt:1)
  22 orc wizards
  11 worker ants
  A killer bee zombie (D:8)
  2 hound zombies
  Robin (D:3)
  3 howler monkey skeletons
  10 adders
  48 river rats
  3 shadow imps
  An ooze (D:2)
  3 adder skeletons
  5 worms
  3 leopard geckos
  106 orcs
  3 ball pythons
  14 bats
  5 giant cockroaches
  17 goblins
  9 hobgoblins
  10 jackals
  5 quokkas
  2 frilled lizards
  A goblin skeleton (Crypt:3)
  A jackal zombie (D:8)
  17 kobolds
  A kobold zombie (Crypt:2)
  A leopard gecko skeleton (D:4)
  A quokka skeleton (D:9)
  6 rats
  5 plants
1535 creatures vanquished.

Vanquished Creatures (collateral kills)
  5 river rats (Lair:2)
5 creatures vanquished.

Vanquished Creatures (others)
  An ancient lich (Crypt:3)
  Sojobo (Crypt:1)
  Xtahua (Vaults:2)
  2 bone dragons (Crypt:3)
  A lich (Crypt:3)
  A deep elf master archer (Elf:3)
  7 ancient champions
  2 tengu reavers (Crypt:1)
  9 deep elf sorcerers (Elf:3)
  3 ghost moths (Spider:4)
  A fire giant (Vaults:3)
  4 vault wardens
  3 deep elf elementalists (Elf:3)
  Aizul (Crypt:1)
  6 emperor scorpions (Spider:4)
  2 ironheart preservers
  A ghoul (Vaults:3)
  2 stone giants (Vaults:4)
  6 entropy weavers
  4 deep elf demonologists (Elf:3)
  7 deep elf annihilators (Elf:3)
  An eidolon (Crypt:3)
  4 merfolk impalers (Shoals:4)
  2 fire dragons (Vaults:4)
  7 deep elf death magi
  5 deep elf high priests (Elf:3)
  3 quicksilver dragon zombies (Crypt:2)
  A yaktaur captain (Vaults:3)
  7 jiangshi
  The ghost of Shenda the Carver, a journeyman DsGl of Okawaru (D:12)
  2 centaur warriors
  3 merfolk aquamancers (Shoals:4)
  A satyr (Shoals:4)
  A dancing weapon (Elf:3)
  6 deep elf knights
  2 vampire magi
  2 small abominations (Elf:3)
  A titan skeleton (Crypt:3)
  2 ghost moth zombies
  34 skeletal warriors
  A storm dragon skeleton (Crypt:1)
  2 sea snakes
  A sixfirhy (Orc:2)
  A flayed ghost (Crypt:2)
  A hill giant (D:10)
  An iron giant skeleton (Crypt:3)
  6 harpies
  6 deep elf archers
  3 ironbrand convokers
  An orc sorcerer (Elf:3)
  5 manticores
  4 wolf spiders (Spider:4)
  11 deep elf magi
  8 orb spiders
  2 cyclopes
  A sphinx skeleton (Crypt:3)
  2 frost giant zombies
  A frost giant skeleton (Crypt:3)
  A fire giant skeleton (Crypt:3)
  2 sirens (Shoals:4)
  A dire elephant zombie (Crypt:1)
  A gargoyle (D:10)
  2 iron dragon skeletons (Crypt:3)
  2 vault sentinels
  2 water nymphs (Shoals:4)
  2 freezing wraiths
  A komodo dragon (Lair:3)
  2 catoblepas skeletons (Crypt:3)
  An ice devil (Orc:2)
  7 jumping spiders (Spider:4)
  2 meliai (D:15)
  A minotaur zombie (Crypt:1)
  7 merfolk
  2 two-headed ogres (Vaults:4)
  3 snapping turtles
  A harpy skeleton (Crypt:3)
  A hippogriff (D:12)
  9 flying skulls (Crypt:3)
  A fire dragon skeleton (Crypt:3)
  10 redbacks (Spider:4)
  A water elemental (Shoals:1)
  An air elemental (Elf:1)
  2 ice dragon skeletons (Crypt:3)
  A spriggan (D:7)
  8 tarantellas (Spider:4)
  A wraith (Vaults:3)
  A hungry ghost (D:11)
  A warg (Vaults:4)
  A water nymph zombie (Crypt:1)
  A spatial vortex (Crypt:3)
  2 sky beasts
  3 orc warriors
  3 ogres
  A centaur (D:6)
  A dream sheep skeleton (Crypt:2)
  A komodo dragon zombie (Crypt:3)
  A wyvern skeleton (Crypt:3)
  3 wights (Crypt:1)
  A quasit (D:7)
  7 orc priests
  A mottled dragon zombie (Crypt:2)
  9 crawling corpses (Elf:3)
  9 fungi
  15 plants
  26 starspawn tentacles
  8 tentacles (Shoals:4)
377 creatures vanquished.

Grand Total: 1917 creatures vanquished

Notes
Turn   | Place    | Note
-------+----------+-------------------------------------------
     0 | Abyss:1  | Zwobot the Demonspawn Abyssal Knight began the quest for the Orb.
     0 | Abyss:1  | Reached XP level 1. HP: 18/18 MP: 2/2
    13 | D:1      | Escaped the Abyss
   195 | D:2      | Gained mutation: You are partially covered in yellow scales. (AC +2) [demonic ancestry]
   195 | D:2      | Reached XP level 2. HP: 22/24 MP: 3/3
   585 | D:2      | Reached XP level 3. HP: 22/29 MP: 4/4
   745 | D:1      | Reached ** piety under Lugonu
  1375 | D:3      | Noticed Sigmund
  1421 | D:3      | Killed Sigmund
  1421 | D:3      | Reached skill level 5 in Maces & Flails
  1421 | D:3      | Reached XP level 4. HP: 10/35 MP: 5/5
  1421 | D:3      | Gained mutation: You have large cloven feet. [demonic ancestry]
  1421 | D:3      | Reached XP level 5. HP: 12/41 MP: 6/6
  2106 | D:3      | Noticed Shenda's ghost (amateur DsGl)
  2218 | D:3      | Killed Shenda's ghost
  2218 | D:3      | Reached XP level 6. HP: 47/47 MP: 7/7
  2259 | D:3      | Noticed Robin
  2260 | D:3      | Reached skill level 1 in Dodging
  2298 | D:3      | Killed Robin
  2383 | D:3      | Found a sacrificial altar of Ru.
  2390 | D:3      | Reached *** piety under Lugonu
  2899 | D:4      | Noticed Dowan
  2900 | D:4      | Noticed Duvessa
  2964 | D:4      | Killed Duvessa
  2968 | D:4      | Killed Dowan
  2968 | D:4      | Reached XP level 7. HP: 42/52 MP: 8/8
  2983 | D:4      | Gained mutation: Your flesh is cold resistant. (rC+) [potion of mutation]
  2983 | D:4      | Gained mutation: You are dopey. (Int -2) [potion of mutation]
  2983 | D:4      | Lost mutation: Your flesh is cold resistant. (rC+) [potion of mutation]
  3210 | D:4      | Noticed Menkaure
  3219 | D:4      | Killed Menkaure
  3922 | D:4      | Found a snail-covered altar of Cheibriados.
  4513 | D:5      | Entered Level 5 of the Dungeon
  4634 | D:5      | Gained mutation: Your magical capacity is low. (-10% MP) [potion of mutation]
  4634 | D:5      | Gained mutation: You have sharp fingernails. [potion of mutation]
  4634 | D:5      | Gained mutation: Your magical capacity is very low. (-20% MP) [potion of mutation]
  4672 | D:5      | Reached **** piety under Lugonu
  5157 | D:5      | Reached skill level 5 in Invocations
  5157 | D:5      | Reached XP level 8. HP: 55/58 MP: 9/9
  5508 | D:6      | Found a staircase to the Ecumenical Temple.
  5540 | D:6      | Found a blossoming altar of Fedhas.
  5667 | D:6      | Found a glowing silver altar of Zin.
  5793 | D:6      | Found a deep blue altar of Sif Muna.
  5979 | D:6      | Reached skill level 5 in Dodging
  6013 | D:6      | Found a hide-covered altar of Uskayaw.
  6631 | D:7      | Found a basalt altar of Yredelemnul.
  7085 | D:7      | Gained mutation: You are mostly covered in yellow scales. (AC +3) [demonic ancestry]
  7085 | D:7      | Reached XP level 9. HP: 44/65 MP: 11/11
  8460 | D:8      | Reached skill level 5 in Fighting
  8475 | D:8      | Found a burning altar of Makhleb.
  8511 | D:8      | Found a radiant altar of Vehumet.
  9344 | D:8      | Found a shimmering altar of Xom.
  9344 | D:8      | Found a basalt altar of Yredelemnul.
  9345 | D:8      | Found a radiant altar of Vehumet.
  9627 | D:8      | Found a sparkling altar of Nemelex Xobeh.
 10033 | D:9      | Found a staircase to the Orcish Mines.
 10067 | D:9      | Reached XP level 10. HP: 62/75 MP: 12/12
 10127 | D:9      | Found a glowing golden altar of the Shining One.
 10387 | D:10     | Entered Level 10 of the Dungeon
 10519 | D:10     | Gained mutation: You regenerate slowly when monsters are visible. [potion of mutation]
 10519 | D:10     | Lost mutation: You are dopey. (Int -2) [potion of mutation]
 10519 | D:10     | Gained mutation: You are robust. (+10% HP) [potion of mutation]
 10972 | D:10     | Reached skill level 10 in Maces & Flails
 10991 | D:10     | Noticed a gargoyle
 10992 | D:10     | Banished a gargoyle
 11229 | D:10     | Noticed a hill giant
 11230 | D:10     | Banished a hill giant
 11230 | D:10     | Reached skill level 1 in Evocations
 11796 | D:11     | Noticed a cyclops
 11799 | D:11     | Banished a cyclops
 11946 | D:11     | Noticed Fannar
 11966 | D:11     | Killed Fannar
 12009 | D:11     | Found a staircase to the Lair.
 12009 | D:11     | Noticed a green ugly thing
 12011 | D:11     | Banished a green ugly thing
 12055 | D:11     | Found Kudedeplis's Book Emporium.
 12172 | D:11     | Gained mutation: You are slightly more attuned to the shadows. [demonic ancestry]
 12172 | D:11     | Reached XP level 11. HP: 89/92 MP: 13/13
 12769 | D:12     | Noticed a deep elf mage
 12770 | D:12     | Banished a deep elf mage
 13073 | D:12     | Noticed a hill giant
 13181 | D:12     | Banished a hill giant
 13539 | D:12     | Found Caskot's Magic Scroll Shop.
 13542 | D:12     | Bought a scroll of acquirement for 520 gold pieces
 13547 | D:12     | Got an encrusted double sword
 13548 | D:12     | Identified the +3 double sword "Demonbane" {slice, MR+} (You acquired it on level 12 of the Dungeon)
 14077 | D:12     | Noticed Shenda's ghost (journeyman DsGl)
 14078 | D:12     | Banished Shenda's ghost
 14604 | D:13     | Noticed a deep elf mage
 14860 | D:13     | Noticed an enchanted long sword
 14879 | D:13     | Killed an enchanted long sword
 14949 | Lair:1   | Entered Level 1 of the Lair of Beasts
 15094 | Lair:1   | Reached skill level 5 in Evocations
 16393 | Lair:1   | Gained mutation: You resist negative energy. (rN+) [demonic ancestry]
 16393 | Lair:1   | Reached XP level 12. HP: 102/103 MP: 14/14
 17032 | Lair:2   | Reached skill level 5 in Armour
 17380 | Lair:2   | Reached skill level 1 in Stealth
 17623 | Lair:2   | Noticed a five-headed hydra
 17625 | Lair:2   | Banished a five-headed hydra
 18017 | Lair:3   | Found a staircase to the Shoals.
 18811 | Lair:3   | Noticed a six-headed hydra
 18824 | Lair:3   | Killed a six-headed hydra
 19860 | Lair:4   | Found an iron altar of Okawaru.
 20210 | Lair:4   | Found a hole to the Spider Nest.
 20455 | Lair:5   | Gained mutation: You are somewhat able to resist unholy torments (1 in 2 success). [demonic ancestry]
 20455 | Lair:5   | Reached XP level 13. HP: 94/111 MP: 14/15
 20610 | Lair:5   | Reached skill level 10 in Fighting
 20718 | Lair:5   | Reached ***** piety under Lugonu
 20846 | Lair:5   | Reached skill level 10 in Invocations
 21533 | Lair:6   | Entered Level 6 of the Lair of Beasts
 22104 | Lair:6   | Found a staircase to the Slime Pits.
 22104 | Lair:6   | Found a viscous altar of Jiyva.
 22471 | Lair:6   | Gained mutation: You have hoof-like feet. [demonic ancestry]
 22471 | Lair:6   | Reached XP level 14. HP: 125/125 MP: 17/17
 23526 | Orc:1    | Entered Level 1 of the Orcish Mines
 23648 | Orc:1    | Found Qiotue's Weapon Emporium.
 23889 | Orc:2    | Entered Level 2 of the Orcish Mines
 24012 | Orc:2    | Found a staircase to the Elven Halls.
 24517 | Orc:2    | Reached ****** piety under Lugonu
 24654 | Orc:2    | Found a roughly hewn altar of Beogh.
 24959 | Orc:2    | Found Warisata's Magic Scroll Shop.
 25253 | Orc:2    | Found Laesch's General Store.
 25549 | Orc:2    | Reached skill level 10 in Dodging
 26394 | Orc:2    | Found Batuq's Antique Armour Emporium.
 26394 | Orc:2    | Found Waiwneshro's Gadget Shoppe.
 26395 | Orc:2    | Found a one-way gate leading to the halls of Pandemonium.
 26401 | Orc:2    | Bought a scorched ring mail for 252 gold pieces
 26401 | Orc:2    | Bought a runed hat for 112 gold pieces
 26401 | Orc:2    | Bought a pair of heavily runed gloves for 266 gold pieces
 26401 | Orc:2    | Bought the +0 pair of fencer's gloves {+Riposte Dex+6} for 674 gold pieces
 26411 | Orc:2    | Identified the +2 ring mail of Ennui {rElec Int-5 Dex-4 Stlth+} (You bought it in a shop on level 2 of the Orcish Mines)
 26430 | Orc:2    | Identified the +1 pair of gloves of Mental Paralysis {rElec rF+ Str+5} (You bought it in a shop on level 2 of the Orcish Mines)
 26861 | Orc:2    | Bought an opalescent robe for 159 gold pieces
 26875 | Orc:2    | Identified the cursed +1 robe of Ziymiust {Dex+3} (You bought it in a shop on level 2 of the Orcish Mines)
 26924 | Orc:2    | Bought a scroll of identify for 28 gold pieces
 26924 | Orc:2    | Bought a scroll of teleportation for 42 gold pieces
 26924 | Orc:2    | Bought a scroll of identify for 28 gold pieces
 27090 | D:13     | Found a gate to the Vaults.
 27484 | D:13     | Noticed Erolcha
 27489 | D:13     | Killed Erolcha
 27532 | D:13     | Noticed Azrael
 27559 | D:13     | Gained mutation: You are immune to rotting. [demonic ancestry]
 27559 | D:13     | Reached XP level 15. HP: 136/136 MP: 20/20
 27576 | D:13     | Killed Azrael
 28808 | D:15     | Entered Level 15 of the Dungeon
 28841 | D:15     | Found a frozen archway.
 28872 | IceCv    | Entered an ice cave
 29742 | D:15     | Got an ichor-stained dire flail
 29743 | D:15     | Identified the +3 dire flail of Teyt {pain, -Tele MR+ Int+4 Dex+4} (You acquired it on level 15 of the Dungeon)
 30055 | D:15     | Found a staircase to the Depths.
 30473 | D:15     | Noticed Sonja
 30483 | D:15     | Killed Sonja
 30862 | Spider:1 | Entered Level 1 of the Spider Nest
 30871 | Spider:1 | Reached skill level 15 in Invocations
 32066 | Spider:2 | Reached skill level 1 in Throwing
 32066 | Spider:2 | Reached XP level 16. HP: 139/147 MP: 22/22
 33122 | Spider:3 | Noticed Arachne
 33124 | Spider:3 | Banished Arachne
 33271 | Spider:3 | Reached skill level 5 in Throwing
 33322 | Spider:3 | Learned a level 2 spell: Repel Missiles
 33326 | Spider:3 | Learned a level 2 spell: Swiftness
 33332 | Spider:3 | Learned a level 5 spell: Lightning Bolt
 33434 | Spider:3 | Reached skill level 1 in Spellcasting
 33453 | Spider:3 | Learned a level 8 spell: Chain Lightning
 33502 | Spider:3 | Reached skill level 1 in Air Magic
 33688 | Spider:3 | Reached skill level 1 in Charms
 33830 | Spider:4 | Entered Level 4 of the Spider Nest
 34768 | Spider:4 | Corrupted Spider:4
 34768 | Spider:4 | Noticed a bone dragon
 35018 | Spider:4 | Got a gossamer rune of Zot
 35364 | Vaults:1 | Entered Level 1 of the Vaults
 35954 | Vaults:1 | Lost mutation: Your magical capacity is very low. (-20% MP) [potion of cure mutation]
 35954 | Vaults:1 | Lost mutation: Your magical capacity is low. (-10% MP) [potion of cure mutation]
 35954 | Vaults:1 | Lost mutation: You regenerate slowly when monsters are visible. [potion of cure mutation]
 35954 | Vaults:1 | Lost mutation: You have sharp fingernails. [potion of cure mutation]
 35954 | Vaults:1 | Lost mutation: You are robust. (+10% HP) [potion of cure mutation]
 36156 | Vaults:1 | Reached skill level 5 in Air Magic
 36196 | Vaults:1 | Reached skill level 5 in Charms
 36938 | Vaults:1 | Reached skill level 5 in Spellcasting
 37046 | Vaults:1 | Gained mutation: You are completely covered in yellow scales. (AC +4, rCorr) [demonic ancestry]
 37046 | Vaults:1 | Reached XP level 17. HP: 123/140 MP: 28/28
 37325 | Vaults:1 | Cast into level 3 of the Abyss (a wizard)
 37367 | Vaults:1 | Escaped the Abyss
 37606 | Vaults:2 | Reached skill level 15 in Fighting
 37697 | Vaults:2 | Found a flickering gateway to a bazaar.
 37707 | Bazaar   | Entered a bazaar
 37708 | Bazaar   | Found Luett's Distillery.
 37708 | Bazaar   | Found Lauloif's Antique Armour Emporium.
 37711 | Bazaar   | Found Irue's Magic Scroll Shoppe.
 37726 | Bazaar   | Found Butret's Food Emporium.
 37749 | Bazaar   | Bought a scroll of enchant armour for 105 gold pieces
 37749 | Bazaar   | Bought a scroll of blinking for 105 gold pieces
 37749 | Bazaar   | Bought a scroll of enchant armour for 105 gold pieces
 37749 | Bazaar   | Bought a scroll of blinking for 105 gold pieces
 37759 | Bazaar   | Bought a faintly glowing scale mail for 162 gold pieces
 37769 | Bazaar   | Identified the +3 scale mail "Refadd" {rPois Int+4 Stlth+} (You bought it in a shop in a bazaar)
 37835 | Bazaar   | Bought a colourful robe for 102 gold pieces
 37835 | Bazaar   | Identified the +1 robe of the Valley of Death {rPois rCorr} (You bought it in a shop in a bazaar)
 38282 | Vaults:2 | Noticed Xtahua
 38842 | Vaults:2 | Found a staircase to the Crypt.
 38842 | Vaults:2 | Found an ancient bone altar of Kikubaaqudgha.
 38843 | Vaults:2 | Found a basalt altar of Yredelemnul.
 39380 | Vaults:2 | Corrupted Vaults:2
 39380 | Vaults:2 | Noticed a lich
 39385 | Vaults:2 | Killed Xtahua
 40745 | Vaults:1 | Identified a +7 dire flail of distortion (a +5 dire flail of draining corrupted by Lugonu)
 40745 | Vaults:1 | Received a gift from Lugonu
 41897 | Vaults:3 | Gained mutation: You have hooves in place of feet. [demonic ancestry]
 41897 | Vaults:3 | Reached XP level 18. HP: 127/151 MP: 30/30
 41986 | Vaults:3 | Paralysed by a great orb of eyes for 5 turns
 42006 | Vaults:3 | Reached skill level 10 in Armour
 42842 | Vaults:3 | Reached skill level 1 in Conjurations
 44928 | Vaults:4 | Reached skill level 5 in Conjurations
 46384 | Vaults:4 | Paralysed by a sphinx for 2 turns
 46454 | Vaults:4 | Gained mutation: You are significantly more attuned to the shadows. [demonic ancestry]
 46454 | Vaults:4 | Reached XP level 19. HP: 65/157 MP: 22/31
 47139 | Vaults:4 | Found a portal to a secret trove of treasure.
 48339 | Shoals:1 | Entered Level 1 of the Shoals
 48995 | Shoals:3 | Found Kiqe Tio's Antique Weapon Shop.
 49008 | Shoals:3 | Found Wittemu's Magic Scroll Shop.
 49339 | Shoals:3 | Bought a scroll of enchant armour for 105 gold pieces
 49339 | Shoals:3 | Bought a scroll of summoning for 133 gold pieces
 49339 | Shoals:3 | Bought a scroll of enchant weapon for 105 gold pieces
 49339 | Shoals:3 | Bought a scroll of enchant armour for 105 gold pieces
 49339 | Shoals:3 | Bought a scroll of enchant armour for 105 gold pieces
 49840 | Shoals:4 | Entered Level 4 of the Shoals
 49936 | Shoals:4 | Got a barnacled rune of Zot
 49938 | Shoals:4 | Corrupted Shoals:4
 49939 | Shoals:4 | Noticed a bone dragon
 51182 | Shoals:4 | Found Qoexipan's Jewellery Shop.
 51188 | Shoals:4 | Bought the amulet "Byngooja" {*Contam rC+ Regen+ Str+4} for 514 gold pieces
 51222 | Shoals:4 | Reached skill level 10 in Air Magic
 51227 | Shoals:4 | Noticed Ilsuiw
 51863 | Elf:1    | Entered Level 1 of the Elven Halls
 53025 | Elf:1    | Reached skill level 10 in Conjurations
 53871 | Elf:2    | Found a runed gate.
 53871 | Elf:2    | Found a runed gate.
 53872 | Elf:2    | Found a runed gate.
 54052 | Elf:2    | Found Acemned's Jewellery Emporium.
 54053 | Elf:2    | Found Juetiu's Jewellery Emporium.
 54053 | Elf:2    | Found Woutel's Gadget Shop.
 54357 | Elf:3    | Entered Level 3 of the Elven Halls
 54403 | Elf:3    | Gained mutation: Your flesh is heat resistant. (rF+) [a neqoxec]
 54443 | Elf:3    | Reached XP level 20. HP: 129/165 MP: 32/32
 54527 | Elf:3    | Noticed Asterion
 54548 | Elf:3    | Banished Asterion
 55160 | Elf:3    | Corrupted Elf:3
 55345 | Elf:3    | Got a fine steel ring
 55346 | Elf:3    | Identified the ring "Qeloumim" {*Drain +Fly Str+6 Int+3} (You found it on level 3 of the Elven Halls)
 55355 | Elf:3    | Learned a level 3 spell: Regeneration
 55401 | Elf:3    | Got a clouded steel amulet
 55402 | Elf:3    | Identified the amulet of Pride {Spirit Dex+2} (You found it on level 3 of the Elven Halls)
 55422 | Elf:3    | Got a faintly glowing turquoise ring
 55423 | Elf:3    | Identified the ring "Obuad" {rCorr *Corrode rF++ Dex+5} (You found it on level 3 of the Elven Halls)
 55426 | Elf:3    | Got a translucent lajatang
 55427 | Elf:3    | Identified the cursed +3 lajatang "Ogreslayer" {flame, rC+} (You found it on level 3 of the Elven Halls)
 55441 | Elf:3    | Got a brightly glowing zirconium amulet
 55442 | Elf:3    | Identified the amulet "Geghokisk" {Harm *Drain rF+} (You found it on level 3 of the Elven Halls)
 56977 | Elf:1    | Reached skill level 1 in Short Blades
 57402 | Crypt:1  | Entered Level 1 of the Crypt
 57402 | Crypt:1  | Noticed Aizul
 57404 | Crypt:1  | Corrupted Crypt:1
 57404 | Crypt:1  | Noticed a bone dragon
 57414 | Crypt:1  | Killed Aizul
 57422 | Crypt:1  | Noticed Sojobo
 57424 | Crypt:1  | Killed Sojobo
 57982 | Crypt:1  | Gained mutation: You expend magic power (3 MP) to strengthen your wands. [a Zot trap]
 57982 | Crypt:1  | Gained mutation: Your body sometimes deteriorates upon taking damage. [a Zot trap]
 58098 | Crypt:1  | Found a basalt altar of Yredelemnul.
 58105 | Crypt:1  | Reached skill level 5 in Short Blades
 59865 | Crypt:3  | Entered Level 3 of the Crypt
 60465 | Crypt:3  | Found a staircase to the Tomb.
 60806 | Crypt:3  | Corrupted Crypt:3
 60806 | Crypt:3  | Noticed a bone dragon
 60902 | Crypt:3  | Killed a bone dragon
 60903 | Crypt:3  | Found a basalt altar of Yredelemnul.
 60907 | Crypt:3  | Killed a bone dragon
 60909 | Crypt:3  | Noticed an ancient lich
 60937 | Crypt:3  | Killed an ancient lich
 61000 | Crypt:3  | Identified a +5 rod of inaccuracy (9/9) (You found it on level 3 of the Crypt)
 61428 | Crypt:3  | Reached skill level 5 in Stealth
 61465 | Crypt:3  | Gained mutation: You may emit foul miasma when damaged in melee. [demonic ancestry]
 61465 | Crypt:3  | Reached XP level 21. HP: 154/171 MP: 34/34
 62289 | Lair:1   | Quit the game

Vault maps used:
D:1:      minmay_arrival_widening_spiral_wide
D:3:      corexii_shack_village, lemuel_round_altar, first_bread, uniq_sigmund,
          uniq_robin
D:4:      minmay_diamond_boxcup, nicolae_overflow_crystal_walls, dk_vineyard_1,
          uniq_duvessa, uniq_menkaure
D:6:      tgw_sif, zin_statuary, eat_drink_and_be_merry_uskayaw,
          lemuel_coloured_pillars_altar, serial_glass, glass_columns_a,
          glass_columns_c
D:7:      the_bakery, yredelemnul_altar_generic
D:8:      bloody_makhleb, nicolae_overflow_quartered_altars, basic_altar,
          nicolae_two_hexagons
D:9:      kennysheep_mini_moat, orc_0_dummy, hangedman_decor_slide_cut
D:11:     lair_0_dummy, serial_shops, nicolae_shop_behind_doors,
          serial_park_tiny_1, uniq_fannar
D:12:     serial_shops, nicolae_shop_window_shopping, grunt_decor_fettered
D:13:     erik_vaults_1, minivault_23, uniq_azrael, uniq_erolcha
D:14:     serial_glass, glass_columns_c, glass_columns_a, glass_columns_a,
          glass_columns_a, glass_columns_a
D:15:     grunt_enter_depths_hoard, portal_ice_cave_entry_ice_beasts,
          minmay_liquid_box, minmay_misc_feat_room, minmay_misc_feat_iff,
          hangedman_decor_points, uniq_sonja
Lair:1:   beast_lair_carwin_10, lemuel_fruit_tree, serial_bayou_shore_a,
          infiniplex_staircase_pool_2, grunt_megastairs_2
Lair:2:   nicolae_quartered_pool_little, nicolae_lair_grove_arrangements,
          wad_woods_03, lemuel_fruit_fields
Lair:3:   minmay_shoals_entry_lonely_mermaid, roderic_batcave
Lair:4:   spider_nest_entry_funnel_web, basic_altar
Lair:6:   hangedman_lair_in_review, slime_altar_1, minivault_27
Shoals:3: serial_shops, shop, shop, shop_fountains
Shoals:4: shoals_end_simple, shoals_ilsuiw_ice, serial_shops, shop
Spider:3: uniq_arachne
Spider:4: grunt_spider_rune_circles
Orc:1:    serial_shops, shop
Orc:2:    pf_orc_diabolical, mines1_david
Elf:1:    eino_elf_arrival_customs, evilmike_minifort,
          hangedman_elf_simple_split, glass_columns_a
Elf:2:    st_stairs_3, minmay_shop_grove
Elf:3:    minmay_elf_hall_four_x, hangedman_elven_ridges, uniq_asterion
Vaults:1: vaults_dpeg_hooks, grunt_vaults_hallway_short,
          vaults_standard_mumra_lines, nicolae_vaults_little_squares_2,
          vaults_room_semicircle, vaults_dpeg_spiral, grunt_vaults_hallway_short
Vaults:2: nicolae_vaults_rhombus_7, minmay_crypt_entry_necro_gods,
          hangedman_vaults_stream, v_misc_3, grunt_vaults_hallway_short,
          st_hourglassy, nicolae_vaults_hallways_thing, ontoclasm_vaults_twist,
          v_rooms_5, vaults_room_pool, serial_shops, bzr_entry_lakeside,
          uniq_xtahua
Vaults:3: v_misc_14, v_misc_13, nicolae_vaults_circle_grid_a,
          nicolae_vaults_windows_and_doors_thing, v_misc_3,
          nicolae_vaults_little_squares_5, nicolae_vaults_disjoint_gnomons,
          v_misc_31, vaults_room_fours
Vaults:4: hangedman_vaults_restitches, grunt_vaults_funnel, v_misc_22,
          vaults_room_large_hall, nicolae_vaults_alarming, st_lines,
          hangedman_vaults_maws, vaults_dpeg_ring, v_misc_23,
          grunt_vaults_trifunnel, hangedman_vaults_slice,
          vaults_room_semicircle, vaults_room_door_ring,
          nicolae_trove_entry_crystal
Crypt:1:  basic_altar, minivault_4, grunt_ministairs_9, basic_loot_grate_trap,
          uniq_aizul, uniq_sojobo
Crypt:3:  church_of_pain_bobbens
Abyss:1:  hangedman_abyss_sting
Abyss:3:  evilmike_abyss_exit_17, dshaligram_kb_abyss_rune_zappy_water_cross
Bazaar:   bazaar_minmay_row
IceCv:    ice_cave_small_dragons

Skill      XL: |  1  2  3  4  5  6  7  8  9 10 11 12 13 14 15 16 17 18 19 20 |
---------------+-------------------------------------------------------------+-----
Maces & Flails | 2 3 5 6 7 9 10 12 14 | 14.0
Dodging        | 3 4 5 6 7 9 10 11 12 | 12.8
Armour         | 2 3 5 7 9 10 | 10.2
Invocations    | 5 7 8 9 11 13 15 16 | 16.1
Fighting       | 4 5 7 8 9 11 13 14 16 | 16.2
Evocations     | 3 5 |  5.0
Stealth        | 4 5 |  5.5
Throwing       | 1 5 |  5.0
Spellcasting   | 5 6 8 9 |  9.0
Air Magic      | 5 8 11 | 11.9
Charms         | 6 |  6.0
Conjurations   | 7 10 12 | 12.3
Short Blades   | 8 |  8.4

Action                   |  1- 3 |  4- 6 |  7- 9 | 10-12 | 13-15 | 16-18 | 19-21 || total
-------------------------+-------+-------+-------+-------+-------+-------+-------++-------
Melee: Mace              |    96 |   166 |   628 |   202 |       |       |       ||  1092
       Kick              |       |    45 |   186 |   364 |   699 |   616 |  1065 ||  2975
       Morningstar       |       |       |       |  1055 |       |       |       ||  1055
       Dire flail        |       |       |       |    36 |  1990 |  2184 |  1097 ||  5307
       Quick blade       |       |       |       |       |       |       |  1209 ||  1209
 Fire: Blowgun           |       |       |    56 |    42 |    20 |     7 |       ||   125
Throw: Stone             |       |     1 |     4 |     3 |       |       |       ||     8
 Cast: Repel Missiles    |       |       |       |       |       |     1 |     1 ||     2
       Lightning Bolt    |       |       |       |       |       |     9 |    29 ||    38
Invok: Bend Space        |     3 |     1 |     6 |     2 |       |     9 |    13 ||    34
       Banish            |       |       |    11 |    23 |    18 |    31 |    30 ||   113
       Corrupt           |       |       |       |       |       |     2 |     4 ||     6
       Brand Weapon With |       |       |       |       |       |     1 |       ||     1
 Abil: Evoke Berserk Rag |     2 |     2 |     5 |     5 |       |       |       ||    14
Evoke: Wand              |       |       |     3 |    20 |     8 |    15 |       ||    46
       Lamp of fire      |       |       |       |     1 |     1 |     6 |     1 ||     9
       Phantom mirror    |       |       |       |       |       |     1 |       ||     1
  Use: Potion            |    10 |     1 |     5 |     2 |     1 |    10 |     8 ||    37
       Scroll            |     1 |     1 |    13 |    17 |     8 |    22 |    18 ||    80
 Stab: Invisible         |     1 |       |       |       |       |       |       ||     1
       Distracted        |       |     1 |       |     2 |    12 |     6 |    11 ||    32
       Sleeping          |       |       |       |     7 |    23 |    16 |    27 ||    73
       Confused          |       |       |       |     2 |     1 |       |       ||     3
       Paralysed         |       |       |       |       |     1 |       |       ||     1
  Eat: Chunk             |     3 |     8 |    17 |    31 |    30 |    27 |    16 ||   132
       Beef jerky        |       |       |     4 |       |     4 |     3 |     2 ||    13
       Pizza             |       |       |     1 |       |     3 |       |     2 ||     6
       Fruit             |       |       |     7 |    15 |     3 |    17 |     4 ||    46
       Royal jelly       |       |       |     1 |       |     1 |       |     1 ||     3
       Bread ration      |       |       |       |       |       |     1 |     6 ||     7
       Meat ration       |       |       |       |       |       |     2 |     4 ||     6
Armor: Ring mail         |    40 |    90 |   220 |   102 |    91 |   187 |       ||   730
       Skin              |    12 |       |     3 |       |       |       |       ||    15
       Leather armour    |       |       |       |    23 |    78 |       |       ||   101
       Troll leather arm |       |       |       |   132 |    71 |       |       ||   203
       Mottled dragon ar |       |       |       |       |       |   165 |   464 ||   629
Dodge: Dodged            |    46 |    79 |   479 |  1187 |  1351 |  1392 |  1531 ||  6065
       Deflected         |       |       |       |       |       |     2 |    11 ||    13
Block: Other             |       |       |       |       |     5 |   338 |    34 ||   377
       Reflection        |       |       |       |       |       |    27 |     2 ||    29
